 Dungeon Crawl Stone Soup version 0.32-a0-172-gc5dd13f2a7 (webtiles) character file.

Game seed: 331567167209870132

148 Ceno the Grave Robber (level 5, -2/37 HPs)
             Began as a Gnoll Necromancer on Feb 13, 2024.
             Slain by a phantom (6 damage)
             ... on level 3 of the Dungeon.
             The game lasted 00:13:43 (2670 turns).

Ceno the Grave Robber (Gnoll Necromancer)           Turns: 2670, Time: 00:13:44

Health: -2/37      AC:  4    Str:  9    XL:     5   Next: 30%
Magic:  12/12      EV: 12    Int: 15    God:
Gold:   151        SH:  4    Dex: 12    Spells: 6/14 levels left

rFire   + . .        a - +0 dagger
rCold   . . .        c - +0 buckler
rNeg    . . .        d - +0 leather armour {rF+}
rPois   .            (no helmet)
rElec   .            (no cloak)
rCorr   .            l - +0 pair of gloves
SInv    .            (no boots)
Will    .....        (no amulet)
Stlth   ++           (no ring)
HPRegen 0.26/turn    (no ring)
MPRegen 0.13/turn

%: no passive effects
@: no status effects
A: fangs 1, strong nose, distributed training
a: no special abilities


You were on level 3 of the Dungeon.
You visited 1 branch of the dungeon, and saw 4 of its levels.

You collected 151 gold pieces.

Inventory:

Hand Weapons
 a - a +0 dagger (weapon)
 n - a +0 flail
Missiles
 k - 36 stones (quivered)
Armour
 c - a +0 buckler (worn)
 d - a +0 leather armour of fire resistance (worn)
 l - a +0 pair of gloves (worn)
 o - a +0 ring mail
Jewellery
 r - a ring of protection from cold
Scrolls
 b - 2 scrolls of blinking {unknown}
 e - 2 scrolls of immolation {unknown}
 f - a scroll of enchant armour {unknown}
 h - 2 scrolls of identify {unknown}
 j - 2 scrolls of teleportation {unknown}
 s - a scroll of vulnerability {unknown}
 w - a scroll of acquirement {unknown}
Potions
 g - 2 potions of degeneration {unknown}
 i - a potion of enlightenment {unknown}
 m - a potion of attraction {unknown}
 p - 3 potions of cancellation {unknown}
 q - 2 potions of magic
 t - 2 potions of curing
 u - a potion of heal wounds {unknown}
 v - a potion of berserk rage {unknown}


   Skills:
 + Level 1.5 Fighting
 + Level 1.5 Short Blades
 + Level 1.5 Long Blades
 + Level 1.5 Axes
 + Level 1.5 Maces & Flails
 + Level 1.5 Polearms
 + Level 1.5 Staves
 + Level 1.5 Ranged Weapons
 + Level 1.5 Throwing
 + Level 1.5 Armour
 + Level 4.8 Dodging
 + Level 4.4 Stealth
 + Level 1.5 Shields
 + Level 1.5 Unarmed Combat
 + Level 5.2 Spellcasting
 + Level 1.2 Conjurations
 + Level 1.2 Hexes
 + Level 1.2 Summonings
 + Level 7.2 Necromancy
 + Level 1.2 Translocations
 + Level 1.2 Fire Magic
 + Level 1.2 Ice Magic
 + Level 1.2 Air Magic
 + Level 1.2 Earth Magic
 + Level 1.2 Alchemy
 + Level 1.7 Invocations
 + Level 1.5 Evocations
 + Level 1.3 Shapeshifting


You had 6 spell levels left.
You knew the following spells:

 Your Spells              Type           Power      Damage    Failure   Level
a - Necrotise             Necr           100%       1d9       1%          1
b - Vampiric Draining     Necr           25%        2d7       5%          3
c - Animate Dead          Necr           25%        N/A       17%         4

Your spell library contained the following spells:

 Spells                   Type           Power      Damage    Failure   Level
 Curse of Agony           Necr           25%        N/A       43%         5
 Hailstorm                Conj/Ice       7%         3d5       52%         3
 Summon Ice Beast         Ice/Summ       7%         N/A       52%         3
 Sculpt Simulacrum        Ice/Alch       3%         N/A       100%        6


Dungeon Overview and Level Annotations

Branches:
Dungeon (4/15)
 Temple: D:4-7

Altars:
Uskayaw
Xom
Zin

Shops:
D:1 (


Innate Abilities, Weirdness & Mutations

You have very sharp teeth.
Your uncanny sense of smell can sniff out nearby items.
Your experience applies equally to all skills.


Message History

The phantom hits you but does no damage.
You barely miss the phantom.
The phantom is moderately damaged.
You block the phantom's attack.
You hit the phantom but do no damage. Your bite misses the phantom.
The phantom is moderately damaged.
The phantom closely misses you.
You hit the phantom.
The phantom is heavily damaged.
The phantom hits you.
* * * LOW HITPOINT WARNING * * *
The phantom blinks!
You blink.
You closely miss the phantom.
The phantom is heavily damaged.
The phantom closely misses you.
It was a potion of curing.
You feel better. The phantom hits you.
* * * LOW HITPOINT WARNING * * *
The phantom blinks!
You blink.
You hit the phantom but do no damage.
The phantom is heavily damaged.
The phantom hits you.
* * * LOW HITPOINT WARNING * * *
You hit the phantom.
The phantom is heavily damaged.
The phantom misses you.
You hit the phantom but do no damage.
The phantom is heavily damaged.
The phantom completely misses you.
You barely miss the phantom. Your bite misses the phantom.
The phantom is heavily damaged.
The phantom misses you.
You miss the phantom.
The phantom is heavily damaged.
The phantom hits you.
* * * LOW HITPOINT WARNING * * *
The phantom blinks!
You blink.
You barely miss the phantom.
The phantom is heavily damaged.
The phantom hits you.
You die...

##.#.# #....#Z#.#Z#....
.....######### #....#.#.#.#....
##.##........# #....#Z#.#.#..#.
...##........#####...)#.#.#......
Z...+..........[>'...)'.#..Z.....
....#.....[...##.#....##.........
.##...........#.......#..........
.###..........#..####.#..........
.# #..........#.@# #.#.#.♣.._..♣
.# #........#..W.####.#.###ß.♣.ß#
.# #####..#.##.#.#....#.#########
.#######..#.##.#.#....'ZZZ..#
.........)...#.#.#....#.###.#
##########.#...#§#....#.# #.# #
#.##....#....#.###Z# #
#.###...#....#..ZZ.# #
#.......############


You could see a phantom.

Vanquished Creatures
  A gnoll (D:1)
  3 adders
  3 ribbon worms
  A dart slug (D:4)
  9 orcs (D:3)
  5 bats
  5 endoplasms
  2 giant cockroaches
  6 goblins
  6 hobgoblins
  7 jackals (D:1)
  8 kobolds
  6 quokkas
  4 ball pythons
  5 frilled lizards
  7 rats
78 creatures vanquished.

Vanquished Creatures (collateral kills)
  2 giant cockroaches
  A hobgoblin (D:1)
  A jackal (D:1)
  2 quokkas (D:3)
  2 rats
8 creatures vanquished.

Vanquished Creatures (others)
  A goblin zombie (D:3)
1 creature vanquished.

Grand Total: 87 creatures vanquished

Notes
Turn   | Place    | Note
-------+----------+-------------------------------------------
     0 | D:1      | Ceno the Gnoll Necromancer began the quest for the Orb.
     0 | D:1      | Reached XP level 1. HP: 13/13 MP: 6/6
    55 | D:1      | Reached XP level 2. HP: 12/19 MP: 1/7
   240 | D:1      | Reached skill level 5 in Spellcasting
   240 | D:1      | Reached XP level 3. HP: 25/25 MP: 1/9
   288 | D:1      | Reached skill level 1 in Invocations
   396 | D:1      | Found Dipsedof's Weapon Boutique.
   512 | D:1      | Reached skill level 1 in Fighting
   512 | D:1      | Reached skill level 1 in Short Blades
   512 | D:1      | Reached skill level 1 in Long Blades
   512 | D:1      | Reached skill level 1 in Axes
   512 | D:1      | Reached skill level 1 in Maces & Flails
   512 | D:1      | Reached skill level 1 in Polearms
   512 | D:1      | Reached skill level 1 in Staves
   512 | D:1      | Reached skill level 1 in Ranged Weapons
   512 | D:1      | Reached skill level 1 in Throwing
   512 | D:1      | Reached skill level 1 in Armour
   512 | D:1      | Reached skill level 1 in Shields
   512 | D:1      | Reached skill level 1 in Unarmed Combat
   512 | D:1      | Reached skill level 1 in Evocations
   528 | D:1      | Learned a level 3 spell: Vampiric Draining
   982 | D:2      | Reached skill level 1 in Shapeshifting
   982 | D:2      | Reached XP level 4. HP: 32/32 MP: 9/11
  1249 | D:2      | Reached skill level 1 in Conjurations
  1249 | D:2      | Reached skill level 1 in Hexes
  1249 | D:2      | Reached skill level 1 in Summonings
  1249 | D:2      | Reached skill level 1 in Translocations
  1249 | D:2      | Reached skill level 1 in Fire Magic
  1249 | D:2      | Reached skill level 1 in Ice Magic
  1249 | D:2      | Reached skill level 1 in Air Magic
  1249 | D:2      | Reached skill level 1 in Earth Magic
  1249 | D:2      | Reached skill level 1 in Alchemy
  1662 | D:3      | Learned a level 4 spell: Animate Dead
  1790 | D:3      | Found a glowing silver altar of Zin.
  1900 | D:3      | Reached XP level 5. HP: 37/37 MP: 9/12
  1996 | D:3      | Found a shimmering altar of Xom.
  2244 | D:3      | Found a hide-covered altar of Uskayaw.
  2580 | D:4      | Noticed a phantom
  2670 | D:3      | Slain by a phantom

Illustrated notes

Levels and vault maps discovered:
D:1:      sevenhm_arrival_forest_fort_small_4, layout_loops_ring, serial_shops,
          shop
D:2:      layout_loops_ring
D:3:      layout_basic, eat_drink_and_be_merry_uskayaw,
          mainiacjoe_overflow_tiny_flanked, zin_academy
D:4:      layout_rooms, kennysheep_little_box, old_standard_altar,
          amcnicky_mini_corridor_feature, kennysheep_windowed_goal

Skill      XL: |  1  2  3  4 |
---------------+-------------+-----
Spellcasting   | 5 |  5.2
Invocations    | 1 |  1.7
Fighting       | 1 |  1.5
Short Blades   | 1 |  1.5
Long Blades    | 1 |  1.5
Axes           | 1 |  1.5
Maces & Flails | 1 |  1.5
Polearms       | 1 |  1.5
Staves         | 1 |  1.5
Ranged Weapons | 1 |  1.5
Throwing       | 1 |  1.5
Armour         | 1 |  1.5
Shields        | 1 |  1.5
Unarmed Combat | 1 |  1.5
Evocations     | 1 |  1.5
Shapeshifting  | 1 |  1.3
Conjurations   | 1 |  1.2
Hexes          | 1 |  1.2
Summonings     | 1 |  1.2
Translocations | 1 |  1.2
Fire Magic     | 1 |  1.2
Ice Magic      | 1 |  1.2
Air Magic      | 1 |  1.2
Earth Magic    | 1 |  1.2
Alchemy        | 1 |  1.2
Dodging        | |  4.8
Stealth        | |  4.4
Necromancy     | |  7.2

Action                     |  1- 3 |  4- 6 || total
---------------------------+-------+-------++-------
  Melee: Dagger            |    53 |   125 ||   178
         Bite              |     7 |    16 ||    23
   Cast: Necrotise         |    52 |    32 ||    84
         Vampiric Draining |       |    10 ||    10
         Animate Dead      |       |     1 ||     1
    Use: Potion            |       |     1 ||     1
   Stab: Sleeping          |     5 |     5 ||    10
 Armour: Robe              |    10 |       ||    10
         Leather armour    |    23 |    68 ||    91
  Dodge: Dodged            |    35 |    57 ||    92
  Block: Buckler           |    12 |    20 ||    32

Table legend: (Time is in decaauts)
 A = Elapsed time spent in this place.
 B = Non-inter-level travel time spent in this place.
 C = Inter-level travel time spent in this place.
 D = Time resting spent in this place.
 E = Time spent auto-exploring this place.
 F = Levels seen in this place.
 G = Mean time per level.
                   A        B        C        D        E       F      G
               +--------+--------+--------+--------+--------+-----+--------+
         Total |   2673 |   2589 |     84 |    183 |    927 |   4 |  668.2 |
       Dungeon |   2673 |   2589 |     84 |    183 |    927 |   4 |  668.2 |
               +--------+--------+--------+--------+--------+-----+--------+

Top non-repeatable levels by time:
     D:3: 849 daAuts
     D:2: 824 daAuts
     D:1: 812 daAuts
     D:4: 187 daAuts
